AoeStats
← [CL] Al3jandr0.magn00

Marketplace

504385205Analyzed
1v1 RM · 27d ago on Sep 5, 2026· 46m 48s· 2 players
Game mode
Random Map
Map size
Tiny (2 player)
Population
200
Speed
Normal
Resources
Standard
Victory
Conquest
Starting age
Dark Age
Ending age
Imperial Age
RankedLock teamsTeams togetherTeam positionsShared explorationLock speedFull tech treeHidden civsTurbo modeCheats
Victory
Defeat
🇦🇷 Lithuanians · Argentina
1918
+13
🇷🇺 Shu · Russia
1851
-13
Eli
8:21 Loom
10:28 Feudal Age
15:30 Castle Age
21:47 Double-Bit Axe
22:51 Bow Saw
26:24 Wheelbarrow
26:37 Horse Collar
30:40 Hand Cart
30:36 Light Cavalry
33:15 Heavy Plow
33:07 Gold Mining
33:08 Stone Mining
38:10 Imperial Age
37:31 Fortified Wall
37:32 Masonry
38:09 Scale Barding Armor
38:15 Forging
37:55 Fletching
38:21 Scale Mail Armor
38:44 Ballistics
38:32 Pikeman
39:12 Squires
38:34 Elite White Feather Guard
39:35 Conscription
41:47 Chain Mail Armor
42:51 Two-Man Saw
41:59 Bodkin Arrow
42:22 Halberdier
46:10 Bracer
[CL] Al3jandr0.magn00
0:32 Loom
7:17 Loom
9:52 Feudal Age
9:54 Man-at-Arms
11:53 Arson
16:15 Double-Bit Axe
22:24 Castle Age
20:33 Horse Collar
21:17 Gold Mining
24:37 Bow Saw
26:23 Town Watch
32:10 Wheelbarrow
36:15 Imperial Age
34:19 Scale Barding Armor
34:25 Forging
34:37 Hand Cart
34:41 Bloodlines
34:31 Husbandry
36:25 Heavy Plow
37:03 Chain Barding Armor
37:04 Cavalier
38:22 Plate Barding Armor
39:16 Chemistry
39:58 Iron Casting
42:19 Paladin
Connection lost

Rejoining the realm…

Still unreachable

The connection could not be restored.

Session expired

The server has moved on; the page needs a fresh start.